[Event "WGM Cvijet Mediterana 2019"]
[Site "Rijeka"]
[Date "2019.03.09"]
[Round "9.5"]
[White "Babiy, Olga"]
[Black "Medic, Mirjana"]
[Result "0-1"]
[ECO "C11"]
[WhiteElo "2305"]
[BlackElo "2207"]
[Annotator "NA"]
[PlyCount "130"]
[EventDate "2019.03.03"]
[EventType "tourn"]
[EventCountry "CRO"]
[SourceTitle "playchess.com"]
[Source "ChessBase"]
[SourceQuality "1"]
[TimeControl "5400+30"]

1. e4 e6 2. d4 d5 3. Nc3 Nf6 4. e5 Nfd7 5. f4 c5 6. Nf3 Nc6 7. Be3 a6 8. Qd2 b5 9. a3 cxd4 {[%emt 0:16:30] C11: French: Classical System: 4 e5 and 4 Bg5 dxe4} (9... Rb8 10. dxc5 Bxc5 11. Bxc5 Nxc5 12. b4 Nd7 13. Bd3 Qb6 14. Ne2 f6 15. exf6 Nxf6 16. Ned4 Nxd4 17. Nxd4 {½-½ (31) Grischuk,A (2769)-Short,N (2652) Douglas 2018}) 10. Nxd4 {[%emt 0:00:00] LiveBook: 13 Games} Nxd4 11. Bxd4 Bc5 12. Bxc5 Nxc5 13. Qd4 Qc7 14. Bd3 Bd7 $146 ({Predecessor:} 14... Nxd3+ 15. cxd3 Qa7 16. Qxa7 Rxa7 17. Ne2 Rc7 18. Kd2 Kd7 19. b4 Bb7 20. Nd4 f6 21. Rae1 Rf8 22. Rhf1 Bc8 23. f5 {1-0 (23) Clancey,J (1849)-Smail,J ICCF email 2014}) 15. f5 Nxd3+ 16. cxd3 Qa7 17. Qf4 exf5 18. Nxd5 Be6 19. Ne3 $15 Rd8 20. Rd1 Rd4 21. Qf2 Qd7 22. O-O Rxd3 23. Qc2 Rxd1 24. Rxd1 Qa7 25. Qc6+ Bd7 26. Qf3 O-O 27. Kh1 Re8 28. Qf4 Qc7 29. Nxf5 Bxf5 30. Qxf5 g6 31. Qf2 Qxe5 32. Rf1 Re7 33. h3 Kg7 34. Qd2 Re6 35. Rc1 Rd6 36. Qb4 Rd3 37. Rf1 Qd5 38. Rf2 Rxh3+ 39. Kg1 Rd3 40. Qh4 Rd1+ 41. Kh2 Qd6+ 42. Qf4 Qxf4+ 43. Rxf4 Rd2 44. Rb4 f5 45. a4 Rd5 46. Kh3 h5 47. a5 Kf6 48. Rb3 b4 49. Rxb4 Rxa5 50. Rb6+ Kg5 51. b4 Ra3+ 52. Kh2 h4 53. Rc6 Kh5 54. Rf6 Rb3 55. Rb6 g5 56. Rxa6 Rxb4 57. Ra5 Kg4 58. Ra3 f4 59. Rc3 Re4 60. Rc8 Re2 61. Rc3 Re3 62. Rc8 h3 63. Rc2 hxg2 64. Kxg2 f3+ 65. Kf2 Kf4 0-1